 Dungeon Crawl Stone Soup version 0.27-a0-1555-g0e7b3fb1d2 (webtiles) character file.

Game seed: 1054812949900858551

1409 SolCadguy the Grappler (level 8, 0/59 HPs)
             Began as a Red Draconian Transmuter on July 15, 2021.
             Was an Initiate of Wu Jian.
             Slain by a bullfrog skeleton (2 damage)
             ... on level 7 of the Dungeon.
             The game lasted 00:19:54 (6577 turns).

SolCadguy the Grappler (Red Draconian Transmuter)   Turns: 6577, Time: 00:19:55

Health: 0/59       AC:  8    Str: 13    XL:     8   Next: 42%
Magic:  9/11       EV: 12    Int: 21    God:    Wu Jian [......]
Gold:   268        SH:  0    Dex: 12    Spells: 2/11 levels left

rFire    + . .     SeeInvis .     - Unarmed
rCold    . . .     Faith    .   (no shield)
rNeg     . . .     Spirit   .   (armour unavailable)
rPois    .         Reflect  .   (helmet currently unavailable)
rElec    .         Harm     .   t - +1 cloak {rCorr}
rCorr    +         Rampage  .   (no gloves)
Will     .....                  (boots currently unavailable)
Stlth    +.........             (no amulet)
HPRegen  0.19/turn              e - +6 ring of intelligence
MPRegen  0.12/turn              (no ring)

@: short of breath, appendages, wereblooded, flying
A: horns 2, talons 2, breathe fire, AC +6, unfitting armour, fire resistance 1,
cold-blooded
a: Breathe Fire, End Transformation, Renounce Religion


You were on level 7 of the Dungeon.
You worshipped Wu Jian.
Wu Jian was noncommittal.
You had temporarily grown beastly horns and talons.
You visited 2 branches of the dungeon, and saw 8 of its levels.

You collected 268 gold pieces.

Inventory:

Missiles
 m - 172 stones (quivered)
Armour
 t - a +1 cloak of preservation (worn)
Jewellery
 e - a +6 ring of intelligence (left hand)
Wands
 r - a wand of polymorph (4)
 u - a wand of flame (39)
Scrolls
 b - a scroll of fog {unknown}
 f - a scroll of immolation {unknown}
 g - a scroll of magic mapping
 j - a scroll of identify
 k - 2 scrolls of amnesia
 n - a scroll of fear
Potions
 a - a potion of lignification {unknown}
 c - a potion of resistance
 d - a potion of attraction
 h - a potion of degeneration {unknown}
 i - a potion of might {unknown}
 l - a potion of brilliance {unknown}
 p - 2 potions of flight
 s - a potion of curing


   Skills:
 - Level 1.1 Fighting
 + Level 3.1 Dodging
 + Level 8.2 Unarmed Combat
 - Level 2.0 Spellcasting
 + Level 6.5 Transmutations
 - Level 1.1 Poison Magic


You had 2 spell levels left.
You knew the following spells:

 Your Spells              Type           Power      Damage    Failure   Level
a - Beastly Appendage     Tmut           58%        N/A       1%          1
b - Wereblood             Tmut           29%        N/A       1%          2
c - Spider Form           Tmut/Pois      9%         N/A       9%          3
d - Sting                 Tmut/Pois      72%        1d6       3%          1
e - Poisonous Vapours     Pois/Air       8%         N/A       19%         2

Your spell library contained the following spells:

 Spells                   Type           Power      Damage    Failure   Level
 Freeze                   Ice            8%         1d3       14%         1
 Slow                     Hex            2%         N/A       22%         2
 Ice Form                 Ice/Tmut       15%        N/A       36%         4
 Confusing Touch          Hex            2%         N/A       41%         3
 Vampiric Draining        Necr           1%         2d6       41%         3
 Olgreb's Toxic Radiance  Pois           6%         N/A       67%         4


Dungeon Overview and Level Annotations

Branches:
Dungeon (7/15)             Temple (1/1) D:4

Altars:
Ashenzari
Dithmenos
Fedhas
Hepliaklqana
Kikubaaqudgha
Makhleb
Nemelex Xobeh
Qazlal
Ru
Sif Muna
Trog
Uskayaw
Vehumet
Wu Jian
Xom
Yredelemnul
Zin
The Shining One

Portals:
Bailey: D:7


Innate Abilities, Weirdness & Mutations

You have temporarily grown beastly horns and talons.
You can breathe blasts of fire.
Your fiery red scales are hard. (AC +6)
You cannot fit into any form of body armour.
Your flesh is heat resistant. (rF+)
You are cold-blooded and may be slowed by cold attacks.


Message History

* * * LOW HITPOINT WARNING * * *
Unknown command.
Aiming: Throw Flame
Press: ? - help, Shift-Dir - straight line, f - goblin
Aim: a goblin, wielding a +0 spear (60% to hit)
The puff of flame hits the goblin!
You kill the goblin!
The Council accepts your kill. The centaur hits you.
* * * LOW HITPOINT WARNING * * *
The centaur closely misses you. The goblin hits you but does no damage.
Okay, then.
It was a potion of flight.
You feel very buoyant.
You fly up into the air.
The centaur hits you.
* * * LOW HITPOINT WARNING * * *
The centaur closely misses you. The goblin barely misses you.
The centaur completely misses you. The centaur closely misses you.
You are too injured to fight recklessly!
Unknown command.
It was a potion of curing.
You feel better.
You howl as the wereblood boils in your veins!
The centaur hits you.
* * * LOW HITPOINT WARNING * * *
The centaur kicks you but does no damage.
The goblin hits you but does no damage.
You punch the bullfrog skeleton! x2
The bullfrog skeleton is severely damaged.
The centaur hits you.
* * * LOW HITPOINT WARNING * * *
The centaur kicks you.
* * * LOW HITPOINT WARNING * * *
The bullfrog skeleton hits you.
* * * LOW HITPOINT WARNING * * *
The goblin hits you but does no damage.
The centaur wields a +0 shortbow.
The centaur shoots an arrow.
The arrow barely misses you. The bullfrog skeleton hits you.
* * * LOW HITPOINT WARNING * * *
The bullfrog skeleton hits you.
You die...

*,,,,*,* *#.o..#,...$°.○,,,
*,,,,*,* #.....##....°..,,,
*,,,,*,***#.#*#o.#.#.....,,,
*,,,,,,,,,#.# #o.....$#,,,,,
*,≈≈≈≈≈≈≈,#.###..<...##**,,*
*,≈*##*#≈,#.##.Z.....# **,*
**,≈*...#≈,#.##.......#** *,*
*,,≈*.∩..≈.#.##.........#**,,
*,,≈*,,,#≈.)@##o..........,,,
*,,≈****#§°)Z.co..........,,,
*,,≈≈≈≈≈≈≈.g###........#..,,,
*,,,,.......,,......#.....,,,
*,,,,.#.###.*#####.##.##.**,,
******#,,,..,,,,,,...,#*,**,,
*,,,..,,,,**#.##**,,*,,
***,,...,,,** *.#* **,***
**,,,,,,,,,,* *,,* *,***


You could see a centaur, an orc, a goblin and a bullfrog skeleton.

Vanquished Creatures
  Eustachio (D:4)
  2 orc warriors
  An ogre (D:2)
  A kobold brigand (D:6)
  A bullfrog (D:7)
  A scorpion (D:5)
  A wyvern zombie (D:6)
  A bullfrog zombie (D:6)
  2 jellies
  A centaur skeleton (D:5)
  A hound (D:6)
  2 centaur zombies (D:5)
  An orc priest (D:5)
  Crazy Yiuf (D:4)
  Ijyb (D:5)
  Natasha (thrice) (D:4)
  5 orc wizards
  A howler monkey zombie (D:5)
  Robin (D:4)
  11 adders
  A shadow imp (D:5)
  2 worms
  3 dart slugs
  8 orcs
  7 ball pythons
  10 endoplasms
  4 giant cockroaches
  19 goblins
  5 hobgoblins
  15 jackals
  7 kobolds
  3 quokkas
  10 bats
  4 frilled lizards
  4 rats
141 creatures vanquished.

Vanquished Creatures (others)
  2 plants (D:1)
2 creatures vanquished.

Grand Total: 143 creatures vanquished

Notes
Turn   | Place    | Note
-------+----------+-------------------------------------------
     0 | D:1      | SolCadguy the Draconian Transmuter began the quest for the
                  | Orb.
     0 | D:1      | Reached XP level 1. HP: 16/16 MP: 3/3
   318 | D:1      | Reached XP level 2. HP: 22/23 MP: 3/5
   359 | D:1      | Learned a level 2 spell: Wereblood
   462 | D:1      | Found a faded altar of an unknown god.
   471 | D:1      | Got Plato's Reference Book on the Glacier
   721 | D:1      | Reached skill level 4 in Unarmed Combat
   958 | D:1      | Reached XP level 3. HP: 27/28 MP: 6/6
  1438 | D:2      | Noticed an ogre
  1533 | D:3      | Reached XP level 4. HP: 35/35 MP: 5/7
  1537 | D:3      | Learned a level 3 spell: Spider Form
  1539 | D:3      | Learned a level 1 spell: Sting
  1670 | D:3      | Reached skill level 5 in Unarmed Combat
  1833 | D:3      | Reached skill level 1 in Poison Magic
  1866 | D:3      | Found a hide-covered altar of Uskayaw.
  2181 | D:4      | Found a shadowy altar of Dithmenos.
  2210 | D:4      | Noticed Eustachio
  2230 | D:4      | Killed Eustachio
  2231 | D:4      | Reached XP level 5. HP: 35/40 MP: 1/8
  2231 | D:4      | Reached XP level 6. HP: 41/47 MP: 1/9
  2379 | D:4      | Reached skill level 6 in Unarmed Combat
  2385 | D:4      | Noticed Robin
  2391 | D:4      | Killed Robin
  2424 | D:4      | Noticed Natasha
  2435 | D:4      | Killed Natasha
  2527 | D:4      | Found a staircase to the Ecumenical Temple.
  2547 | D:4      | Noticed Natasha
  2568 | Temple   | Entered the Ecumenical Temple
  2785 | Temple   | Became a worshipper of the Wu Jian Council
  2813 | D:4      | Killed Natasha
  2880 | D:4      | Noticed Natasha
  2889 | D:4      | Killed Natasha
  2898 | D:4      | Learned a level 2 spell: Poisonous Vapours
  3002 | D:4      | Found a glowing silver altar of Zin.
  3128 | D:4      | Found a basalt altar of Yredelemnul.
  3129 | D:4      | Found a shimmering blue altar of Sif Muna.
  3187 | D:4      | Found a runed translucent door.
  3188 | D:4      | Noticed Crazy Yiuf
  3273 | D:4      | Found a sparkling altar of Nemelex Xobeh.
  3545 | D:4      | Killed Crazy Yiuf
  3623 | D:5      | Entered Level 5 of the Dungeon
  3639 | D:5      | Noticed Ijyb
  3649 | D:5      | Killed Ijyb
  3695 | D:5      | Your scales start taking on a fiery red colour.
  3695 | D:5      | Reached XP level 7. HP: 52/52 MP: 8/10
  3695 | D:5      | Gained mutation: Your flesh is heat resistant. (rF+) [Red
                  | Draconian growth]
  3758 | D:5      | Reached skill level 7 in Unarmed Combat
  3758 | D:5      | Reached skill level 5 in Transmutations
  5468 | D:6      | Reached XP level 8. HP: 57/59 MP: 9/11
  5691 | D:6      | Found a sacrificial altar of Ru.
  5779 | D:6      | Found the +3 pair of gauntlets of War {Slay+5}
  5940 | D:6      | Found a broken altar of Ashenzari.
  5991 | D:6      | Reached skill level 8 in Unarmed Combat
  6552 | D:7      | Found a radiant altar of Vehumet.
  6561 | D:7      | Found a flagged portal.
  6577 | D:7      | HP: 2/59 [bullfrog skeleton (1)]
  6577 | D:7      | Slain by a bullfrog skeleton

Illustrated notes

Levels and vault maps discovered:
D:1:      sevenhm_arrival_forest_fort_large_4, layout_loops_ring,
          shapermc_ecumenical_altar_rom_forum, serial_forest,
          infiniplex_forest_corner_1, infiniplex_forest_corner_1,
          infiniplex_forest_straight_4, infiniplex_forest_lined_3,
          infiniplex_forest_lined_2, infiniplex_forest_straight_2,
          infiniplex_forest_clump_small, infiniplex_forest_clump_tiny,
          infiniplex_forest_clump_curved, infiniplex_forest_join,
          hangedman_decor_points
D:2:      layout_rooms, kennysheep_cross_room, serial_bayou_pond_b
D:3:      layout_rooms, mainiacjoe_overflow_concentric_impassable,
          corexii_corridor_pit, minmay_randomly_rotated_circles
D:4:      layout_cave_pools, old_standard_altar, lemuel_doored_altar,
          grunt_dithmenos_smoke_and_mirrors, gammafunk_temple_overflow_statue,
          minmay_temple_entry_junction_2, uniq_natasha, uniq_crazy_yiuf_cottage,
          uniq_eustachio, uniq_robin
D:5:      layout_loops_cross, uniq_ijyb
D:6:      layout_basic, chequers_temple_overflow_statue_of_worship
D:7:      layout_rooms, fiery_altar_vehumet, enter_bailey_3
Temple:   chequers_temple_sunken

Skill      XL: |  1  2  3  4  5  6  7  8 |
---------------+-------------------------+-----
Unarmed Combat | 4 5 6 7 8 |  8.2
Poison Magic   | 1 |  1.1
Transmutations | 3 4 6 |  6.5
Dodging        | 2 3 |  3.1
Fighting       | |  1.1
Spellcasting   | |  2.0

Action                   |  1- 3 |  4- 6 |  7- 9 || total
-------------------------+-------+-------+-------++-------
Melee: Unarmed           |   123 |   124 |   121 ||   368
       Kick              |    21 |    13 |    16 ||    50
       Tailslap          |     4 |     9 |     7 ||    20
       Headbutt          |     8 |     5 |     9 ||    22
       Punch             |     1 |       |     2 ||     3
Throw: Stone             |       |     6 |     2 ||     8
 Cast: Beastly Appendage |    24 |    12 |     8 ||    44
       Wereblood         |     5 |     5 |     3 ||    13
       Sting             |       |    10 |     1 ||    11
       Spider Form       |       |     6 |     2 ||     8
       Poisonous Vapours |       |       |     1 ||     1
Invok: Lunge             |       |     2 |     7 ||     9
 Abil: End Transformatio |       |     5 |     2 ||     7
       Breathe Fire      |       |       |     4 ||     4
Evoke: Wand              |       |       |     3 ||     3
  Use: Scroll            |       |       |    12 ||    12
       Potion            |       |       |     4 ||     4
 Stab: Sleeping          |     2 |       |     1 ||     3
       Invisible         |       |       |     1 ||     1
Armor: Skin              |    62 |    22 |    46 ||   130
Dodge: Dodged            |    96 |    77 |    96 ||   269

Table legend: (Time is in decaauts)
 A = Elapsed time spent in this place.
 B = Non-inter-level travel time spent in this place.
 C = Inter-level travel time spent in this place.
 D = Time resting spent in this place.
 E = Time spent auto-exploring this place.
 F = Levels seen in this place.
 G = Mean time per level.
                   A        B        C        D        E       F      G
               +--------+--------+--------+--------+--------+-----+--------+
         Total |   6601 |   6302 |    299 |    680 |   4505 |   8 |  825.1 |
       Dungeon |   6310 |   6028 |    282 |    665 |   4269 |   7 |  901.4 |
        Temple |    291 |    274 |     17 |     15 |    235 |   1 |  291.0 |
               +--------+--------+--------+--------+--------+-----+--------+

Top non-repeatable levels by time:
     D:4: 1240 daAuts
     D:6: 1118 daAuts
     D:5: 1068 daAuts
     D:1: 1034 daAuts
     D:2: 995 daAuts
     D:3: 829 daAuts
  Temple: 291 daAuts
     D:7: 23 daAuts
